AoeStats
← Tavis

Lombardia

508883674Analyzed
3v3 RM · 7d ago on Sep 24, 2026· 29m 27s· 6 players
Game mode
Random Map
Map size
Normal (6 player)
Population
200
Speed
Normal
Resources
Standard
Victory
Conquest
Starting age
Dark Age
Ending age
Imperial Age
RankedLock teamsTeams togetherTeam positionsShared explorationLock speedFull tech treeHidden civsTurbo modeCheats
Victory
Defeat
🇨🇳 Varangians · China
876
+12
🇨🇳 Danes · China
873
+12
🇨🇳 Saxons · China
770
+17
🇩🇪 Danes · Germany
800
-14
🇹🇷 Turks · Türkiye
789
-14
🇨🇳 Huns · China
778
-13
thomas.magicmueller
11:37 Feudal Age
13:14 Wheelbarrow
14:32 Double-Bit Axe
18:52 Castle Age
20:25 Forging
20:15 Scale Mail Armor
20:05 Gambesons
24:06 Pikeman
27:45 Arson
28:54 Elite Skirmisher
31545054
2:33 Loom
12:36 Feudal Age
19:09 Castle Age
18:10 Forging
18:06 Scale Barding Armor
20:37 Iron Casting
20:17 Bloodlines
20:11 Husbandry
22:03 Chain Barding Armor
mpxy
10:01 Feudal Age
9:07 Loom
16:32 Castle Age
14:52 Double-Bit Axe
14:50 Horse Collar
21:37 Heavy Plow
27:27 Bloodlines
28:36 Scale Barding Armor
28:42 Forging
29:45 Husbandry
Tavis
11:45 Feudal Age
14:48 Double-Bit Axe
17:16 Castle Age
21:46 Gambesons
22:02 Squires
21:48 Arson
22:08 Scale Mail Armor
25:31 Loom
25:41 Horse Collar
Sting839
0:27 Loom
11:25 Feudal Age
15:19 Castle Age
13:59 Horse Collar
14:06 Double-Bit Axe
20:40 Heavy Plow
22:25 Forging
Lazy_Mann
2:56 Loom
10:43 Feudal Age
15:31 Castle Age
14:18 Double-Bit Axe
14:46 Horse Collar
16:24 Stone Mining
17:04 Gold Mining
20:20 Fletching
22:09 Padded Archer Armor
22:07 Bodkin Arrow
26:31 Padded Archer Armor
27:02 Heavy Plow
Connection lost

Rejoining the realm…

Still unreachable

The connection could not be restored.

Session expired

The server has moved on; the page needs a fresh start.